 Dungeon Crawl Stone Soup version 0.29-a0-721-g7f417c9bbb (console) character file.

Game seed: 11676786556154606264

6 jejorda2 the Slasher (level 1, 0/18 HPs)
             Began as a Merfolk Berserker on June 27, 2022.
             Was a Follower of Trog.
             Slain by a kobold
             ... wielding a +0 club
              (4 damage)
             ... on level 1 of the Dungeon.
             The game lasted 00:01:31 (366 turns).

jejorda2 the Slasher (Merfolk Berserker)             Turns: 366, Time: 00:01:31

Health: 0/18       AC:  2    Str: 17    XL:     1   Next: 90%
Magic:  1/1        EV: 12    Int:  6    God:    Trog [*.....]
Gold:   16         SH:  0    Dex: 13    Spells: 0/0 levels left

rFire   . . .      SeeInvis .   a - +0 falchion
rCold   . . .      Faith    .   (no shield)
rNeg    . . .      Spirit   .   b - +0 animal skin
rPois   .          Reflect  .   (no helmet)
rElec   .          Harm     .   (no cloak)
rCorr   .          Rampage  .   (no gloves)
Will    .....                   (no boots)
Stlth   +.........              (no amulet)
HPRegen 0.06/turn               (no ring)
MPRegen 0.07/turn               (no ring)

@: no status effects
A: (nimble swimmer 2), mertail
a: Renounce Religion, Berserk


You were on level 1 of the Dungeon.
You worshipped Trog.
Trog was aware of your devotion.
You visited 1 branch of the dungeon, and saw 1 of its levels.

You collected 16 gold pieces.

Inventory:

Hand Weapons
 a - a +0 falchion (weapon)
 g - a +0 short sword
Missiles
 c - 8 poisoned darts (quivered)
 e - 16 stones
Armour
 b - a +0 animal skin (worn)
Scrolls
 d - a scroll of enchant weapon {unknown}
 f - a scroll of identify {unknown}
 h - a scroll of fear {unknown}
Potions
 i - a potion of curing {unknown}


   Skills:
 + Level 3.4 Fighting
 * Level 3.9 Long Blades
 + Level 1.5 Armour
 - Level 2.6 Dodging


You couldn't memorise any spells.
You didn't know any spells.
Your spell library was empty.

Dungeon Overview and Level Annotations

Branches:
Dungeon (1/15)

Altars:


Innate Abilities, Weirdness & Mutations

((You are very nimble when in or above water. (Stealth+, EV+, Speed+++)))
Your lower body shifts to a powerful aquatic tail in water.


Message History

The ball python bites you but does no damage.
The ball python closely misses you.
You hit the ball python.
You kill the ball python!
Trog accepts your kill.
No target in view!
No target in view!
You see here a ball python corpse.
i - a clear potion
Found a spear.
Found a stone staircase leading down.
Found a whip.
There is a stone staircase leading down here.
A goblin comes into view. It is wielding a +0 club.
A kobold comes into view. It is wielding a +0 club.
The goblin shouts!
The kobold shouts!
You closely miss the goblin. The goblin closely misses you.
The kobold throws a stone.
The stone barely misses you.
You closely miss the goblin. The goblin barely misses you.
You completely miss the goblin. The goblin misses you.
The kobold throws a stone.
The stone hits you but does no damage.
You barely miss the goblin. The goblin misses you.
The kobold throws a stone.
The stone misses you.
You hit the goblin but do no damage. The goblin hits you with a +0 club.
You closely miss the goblin. The goblin hits you with a +0 club.
The kobold throws a stone.
The stone misses you.
You hit the goblin.
The goblin is moderately wounded.
The goblin closely misses you.
The kobold throws a stone.
The stone closely misses you.
You barely miss the goblin.
The goblin is moderately wounded.
The goblin hits you with a +0 club.
You hit the goblin. Your punch misses the goblin.
The goblin is heavily wounded.
The kobold hits you with a +0 club. The goblin hits you with a +0 club. x2
* * * LOW HITPOINT WARNING * * *
The kobold hits you with a +0 club.
You die...

.....#....... .
...####.###....... # #.
..................
#.#.#########.##########
.............>.........
#...)..)......#######.
#......#####...##.....
#.#....K.#####...##.####
......g@..............
###......##########.#.
........... #
##.#####.### # #.# ###


You could see a goblin and a kobold.

Vanquished Creatures
  A goblin (D:1)
  2 kobolds (D:1)
  3 ball pythons (D:1)
  A rat (D:1)
7 creatures vanquished.

Notes
Turn   | Place    | Note
-------+----------+-------------------------------------------
     0 | D:1      | jejorda2 the Merfolk Berserker began the quest for the Orb.
     0 | D:1      | Reached XP level 1. HP: 18/18 MP: 1/1
   366 | D:1      | Slain by a kobold

Illustrated notes

Levels and vault maps discovered:
D:1:      evilmike_arrival_hilbert_curve, layout_basic, minmay_split_cup_small

Action                   || total
-------------------------++-------
Melee: Falchion          ||    17
Invok: Berserk           ||     1
Armor: Animal skin       ||     3
Dodge: Dodged            ||    14

Table legend: (Time is in decaauts)
 A = Elapsed time spent in this place.
 B = Non-inter-level travel time spent in this place.
 C = Inter-level travel time spent in this place.
 D = Time resting spent in this place.
 E = Time spent auto-exploring this place.
 F = Levels seen in this place.
 G = Mean time per level.
                   A        B        C        D        E       F      G
               +--------+--------+--------+--------+--------+-----+--------+
         Total |    375 |    375 |      0 |      0 |    307 |   1 |  375.0 |
       Dungeon |    375 |    375 |      0 |      0 |    307 |   1 |  375.0 |
               +--------+--------+--------+--------+--------+-----+--------+

Top non-repeatable levels by time:
     D:1: 375 daAuts
